 Dungeon Crawl Stone Soup version 0.26-a0-1222-g14533b3512 (webtiles) character file.

Game seed: 17495799724439536234

75 knot the Chopper (level 4, 31/52 HPs)
             Began as a Demonspawn Berserker on Dec 31, 2020.
             Was a Follower of Trog.
             Quit the game on level 2 of the Dungeon.
             The game lasted 00:01:58 (1231 turns).

knot the Chopper (Demonspawn Berserker)             Turns: 1231, Time: 00:01:58

Health: 31/52      AC:  2    Str: 18    XL:     4   Next: 11%
Magic:  4/4        EV: 12    Int:  9    God:    Trog [*.....]
Gold:   58         SH:  0    Dex: 12    Spells: 3/3 levels left

rFire    . . .     SeeInvis .   a - +0 hand axe
rCold    . . .     Faith    .   (no shield)
rNeg     . . .     Spirit   .   b - +0 animal skin
rPois    .         Reflect  .   (helmet restricted)
rElec    .         Harm     .   (no cloak)
rCorr    .         Rampage  .   (no gloves)
Will     .....                  (no boots)
Stlth    ..........             (no amulet)
HPRegen  3.17/turn              (no ring)
MPRegen  0.09/turn              (no ring)

@: berserking (expiring), very quick
A: horns 1, powered by death 1, spiny 1
a: Renounce Religion, Berserk


You were on level 2 of the Dungeon.
You worshipped Trog.
Trog was aware of your devotion.
You visited 1 branch of the dungeon, and saw 2 of its levels.

You collected 58 gold pieces.

Inventory:

Hand Weapons
 a - a +0 hand axe (weapon)
Armour
 b - a +0 animal skin (worn)
Scrolls
 d - a scroll of magic mapping {unknown}
 f - 2 scrolls of teleportation {unknown}
 j - a scroll of enchant armour {unknown}
Potions
 c - 3 potions of heal wounds {unknown}
 e - a potion of might {unknown}
 g - 2 potions of curing {unknown}
 h - a potion of mutation {unknown}
 i - a potion of lignification {unknown}


   Skills:
 - Level 3.0 Fighting
 + Level 4.5 Axes
 - Level 1.7 Armour
 - Level 1.7 Dodging


You had 3 spell levels left.
You didn't know any spells.
Your spell library was empty.

Dungeon Overview and Level Annotations

Branches:
Dungeon (2/15)

Altars:


Innate Abilities, Weirdness & Mutations

You have a pair of small horns on your head.
You regenerate a little health from kills.
You are partially covered in sharp spines.


Message History

You barely miss the goblin.
Ijyb zaps a wand.
The puff of flame hits you! The goblin hits you but does no damage.
You barely miss Ijyb.
Ijyb is almost dead.
You barely miss the goblin. Ijyb barely misses you.
You closely miss Ijyb. Your headbutt misses Ijyb.
Ijyb is almost dead.
You hit the goblin.
You kill the goblin!
Trog accepts your kill.
You miss Ijyb. Your headbutt misses Ijyb.
Ijyb is almost dead.
Ijyb zaps a wand.
The puff of flame hits you!
You slash Ijyb!
You kill Ijyb!
Trog accepts your kill.
You have reached level 4!
You feel stronger.
Your demonic ancestry asserts itself...
Sharp spines emerge from parts of your body.
Are you sure you want to abandon this character and quit the game? (Confirm with "yes".)

.#.. #.##.#
##.#.## ...#
#.##.# ##>##
#..#####.##)#
###
.........##.#
#..########.#
#.......#
#.#####
#.#####.#
#.....########
#.# #.#
#.##..8)8.8.8.
#.# #.#
#.##..@)......
#.# #.#
#.##..).....?$
#.# #.#
#.##..........
#.# #.#
#.##.........[
#.# #.#
#.##..........
#.#####.#
#.##..8.8.8.8.
#.......#
#.############
#..###### #.#
#..# #.#


There were no monsters in sight!

Vanquished Creatures
  Ijyb (D:2)
  An adder (D:2)
  2 leopard geckos (D:1)
  2 bats (D:1)
  12 goblins
  7 hobgoblins (D:1)
  A quokka (D:2)
  7 kobolds (D:1)
33 creatures vanquished.

Vanquished Creatures (others)
  15 plants (D:1)
15 creatures vanquished.

Grand Total: 48 creatures vanquished

Notes
Turn   | Place    | Note
-------+----------+-------------------------------------------
     0 | D:1      | knot the Demonspawn Berserker began the quest for the Orb.
     0 | D:1      | Reached XP level 1. HP: 18/18 MP: 1/1
    81 | D:1      | Reached skill level 3 in Axes
    93 | D:1      | Gained mutation: You regenerate a little health from kills.
                  | [demonic ancestry]
    93 | D:1      | Reached XP level 2. HP: 23/24 MP: 2/2
   697 | D:1      | Gained mutation: You have a pair of small horns on your
                  | head. [demonic ancestry]
   697 | D:1      | Reached XP level 3. HP: 21/29 MP: 3/3
  1021 | D:2      | Reached skill level 4 in Axes
  1216 | D:2      | Noticed Ijyb
  1230 | D:2      | Killed Ijyb
  1231 | D:2      | Gained mutation: You are partially covered in sharp spines.
                  | [demonic ancestry]
  1231 | D:2      | Reached XP level 4. HP: 31/35 MP: 4/4
  1231 | D:2      | Quit the game

Illustrated notes

Levels and vault maps discovered:
D:1:      shiori_arrival_oz, layout_basic, serial_bayou_lagoon_a
D:2:      kennysheep_the_goblin_king, layout_loops_ring, lemuel_round_altar,
          lemuel_round_altar, minmay_misc_feat_more_columns

Skill      XL: |  1  2  3 |
---------------+----------+-----
Axes           | 3 4 |  4.5
Fighting       | |  3.0
Armour         | |  1.7
Dodging        | |  1.7

Action                   |  1- 3 |  4- 6 || total
-------------------------+-------+-------++-------
Melee: Hand axe          |    88 |       ||    88
       Headbutt          |     3 |       ||     3
Invok: Berserk           |     3 |       ||     3
 Stab: Sleeping          |     1 |       ||     1
Armor: Animal skin       |     9 |       ||     9
Dodge: Dodged            |    52 |       ||    52

Table legend: (Time is in decaauts)
 A = Elapsed time spent in this place.
 B = Non-inter-level travel time spent in this place.
 C = Inter-level travel time spent in this place.
 D = Time resting spent in this place.
 E = Time spent auto-exploring this place.
 F = Levels seen in this place.
 G = Mean time per level.
                   A        B        C        D        E       F      G
               +--------+--------+--------+--------+--------+-----+--------+
         Total |   1261 |   1220 |     41 |    299 |    702 |   2 |  630.5 |
       Dungeon |   1261 |   1220 |     41 |    299 |    702 |   2 |  630.5 |
               +--------+--------+--------+--------+--------+-----+--------+

Top non-repeatable levels by time:
     D:1: 1038 daAuts
     D:2: 223 daAuts
